 Dungeon Crawl Stone Soup version 0.28-a0-1038-g9c4cb8273d (webtiles) character file.

Game seed: 15686043986857305947

450 siradein the Skirmisher (level 7, -1/66 HPs)
             Began as a Naga Fighter on Dec 9, 2021.
             Slain by Duvessa (14 damage)
             ... on level 4 of the Dungeon.
             The game lasted 00:04:38 (3324 turns).

siradein the Skirmisher (Naga Fighter)              Turns: 3324, Time: 00:04:39

Health: -1/66      AC:  7    Str: 18    XL:     7   Next: 4%
Magic:  7/7        EV:  8    Int:  9    God:
Gold:   140        SH:  4    Dex: 12    Spells: 6/6 levels left

rFire   . . .      SeeInvis +   q - +4 flail
rCold   . . .      Faith    .   c - +0 buckler
rNeg    + . .      Spirit   .   b - +0 scale mail
rPois   +          Reflect  .   (no helmet)
rElec   .          Harm     .   (no cloak)
rCorr   .          Rampage  .   l - +0 pair of gloves
Will    .....                   (no barding)
Stlth   ..........              (no amulet)
HPRegen 0.21/turn               g - ring of positive energy
MPRegen 0.10/turn               (no ring)

@: mighty, short of breath, very slow
A: AC +2, large, see invisible, deformed body, poison resistance, slowness 2,
spit poison 1, naga tail 1
a: Spit Poison


You were on level 4 of the Dungeon.
You visited 1 branch of the dungeon, and saw 4 of its levels.

You collected 140 gold pieces.

Inventory:

Hand Weapons
 q - a +4 flail (weapon)
Missiles
 i - a throwing net
Armour
 b - a +0 scale mail (worn)
 c - a +0 buckler (worn)
 l - a +0 pair of gloves (worn)
Jewellery
 g - a ring of positive energy (left hand)
Scrolls
 f - 2 scrolls of teleportation {unknown}
 h - a scroll of fog {unknown}
 j - a scroll of enchant weapon {unknown}
 m - 2 scrolls of immolation {unknown}
 o - a scroll of identify {unknown}
 r - a scroll of blinking {unknown}
 s - a scroll of holy word {unknown}
 t - a scroll of magic mapping {unknown}
 u - a scroll of acquirement {unknown}
Potions
 a - a potion of cancellation {unknown}
 e - a potion of brilliance {unknown}
 k - 2 potions of heal wounds {unknown}
 n - a potion of flight {unknown}
 p - a potion of berserk rage {unknown}


   Skills:
 + Level 4.3 Fighting
 + Level 3.7 Maces & Flails
 + Level 3.6 Armour
 + Level 2.0 Dodging
 + Level 3.5 Shields


You had 6 spell levels left.
You didn't know any spells.
Your spell library was empty.

Dungeon Overview and Level Annotations

Branches:
Dungeon (4/15)
 Temple: D:4-7

Altars:
The Shining One

Shops:
D:3 (

Annotations:
D:3 3 runed translucent doors, oldriver's ghost, weakling DrCj
D:4 Duvessa


Innate Abilities, Weirdness & Mutations

Your serpentine skin is tough. (AC +2)
You have supernaturally acute eyesight. (SInv)
Armour fits poorly on your strangely shaped body.
Your system is resistant to poisons. (rPois)
You cover ground very slowly.
You can spit poison.
You have a snake-like lower body.


Message History

Found a stone staircase leading down.
You now have 140 gold pieces (gained 12).
Duvessa, Sister of Dowan comes into view.
She is wielding a +0 rapier and wearing a +2 leather armour of fire resistance.
Duvessa shouts!
Duvessa goes berserk!
Aiming: Spit Poison (1% risk of failure)
Press: ? - help, Q - select action, (/) - cycle Shift-Dir - straight line, f - Duvessa
Aim: Duvessa, wielding a +0 rapier and wearing a +2 leather armour of fire resistance (berserk)
The splash of poison hits Duvessa.
Duvessa is lightly wounded.
You feel very mighty all of a sudden. Duvessa hits you with a +0 rapier!
You hear a shout!
You closely miss Duvessa.
Duvessa is lightly wounded.
You have got your breath back.
Duvessa hits you with a +0 rapier. Duvessa hits you with a +0 rapier!
You sock Duvessa!
Duvessa is moderately wounded.
Duvessa barely misses you. You block Duvessa's attack.
You hit Duvessa.
Duvessa is moderately wounded.
You block Duvessa's attack.
You sock Duvessa!
Duvessa is heavily wounded.
Duvessa hits you with a +0 rapier! x2
You sock Duvessa!
Duvessa is severely wounded.
Duvessa hits you but does no damage. Duvessa hits you with a +0 rapier!
* * * LOW HITPOINT WARNING * * *
Aiming: Spit Poison (1% risk of failure)
Press: ? - help, Q - select action, (/) - cycle Shift-Dir - straight line, f/p - Duvessa
Aim: Duvessa, wielding a +0 rapier and wearing a +2 leather armour of fire resistance (severely wounded, berserk)
The splash of poison misses Duvessa.
Duvessa hits you but does no damage. Duvessa hits you with a +0 rapier.
* * * LOW HITPOINT WARNING * * *
You barely miss Duvessa.
Duvessa is severely wounded.
Duvessa hits you with a +0 rapier!
You die...

... .. ..# ##...... ... ##..
#.###...... ##.###..
##.#.......
#......#####..#...#..#
.......#...##.....##.##
......................#####.
............................
................e..........#
............#.#.@#.........#
............####..$.......#
.#.....##..#####...[....###
##......##...##....<..###
........#.....#.......#
...........#.........##
...........###.......#
...........#...###....
...............# ##..##


You could see Duvessa (berserk).

Vanquished Creatures
  A necrophage (D:3)
  An ogre (D:4)
  A phantom (D:4)
  Dowan (D:4)
  8 adders
  A worm (D:2)
  4 dart slugs
  4 orcs (D:3)
  6 bats
  9 endoplasms
  3 giant cockroaches
  5 goblins
  7 hobgoblins
  4 jackals (D:3)
  5 kobolds
  2 quokkas
  9 ball pythons
  2 frilled lizards
  6 rats
79 creatures vanquished.

Vanquished Creatures (others)
  A fungus (D:3)
  3 plants (D:3)
  3 withered plants (D:2)
7 creatures vanquished.

Grand Total: 86 creatures vanquished

Notes
Turn   | Place    | Note
-------+----------+-------------------------------------------
     0 | D:1      | siradein the Naga Fighter began the quest for the Orb.
     0 | D:1      | Reached XP level 1. HP: 21/21 MP: 1/1
   105 | D:1      | Reached XP level 2. HP: 25/28 MP: 2/2
   346 | D:1      | Reached XP level 3. HP: 33/34 MP: 3/3
  1206 | D:2      | Reached XP level 4. HP: 35/42 MP: 4/4
  1314 | D:2      | Found a faded altar of an unknown god.
  1688 | D:2      | Found a glowing golden altar of the Shining One.
  2180 | D:3      | Noticed a necrophage
  2193 | D:3      | Killed a necrophage
  2194 | D:3      | Reached skill level 1 in Dodging
  2194 | D:3      | Reached XP level 5. HP: 31/50 MP: 5/5
  2488 | D:3      | Reached skill level 4 in Fighting
  2580 | D:3      | Reached XP level 6. HP: 56/57 MP: 6/6
  2624 | D:3      | Found Niemuow's Antique Weapon Shop.
  2782 | D:3      | Found a runed translucent gate.
  2783 | D:3      | Found a runed translucent gate.
  2784 | D:3      | Found a runed translucent gate.
  2784 | D:3      | Noticed oldriver's ghost (weakling DrCj)
  3055 | D:4      | Noticed Dowan
  3071 | D:4      | Killed Dowan
  3136 | D:4      | Reached XP level 7. HP: 37/66 MP: 7/7
  3314 | D:4      | Noticed Duvessa
  3324 | D:4      | Slain by Duvessa

Illustrated notes

Levels and vault maps discovered:
D:1:      minmay_arrival_shattered_statue, layout_basic, hangedman_decor_push,
          serial_bayou_ford_a
D:2:      layout_loops_ring, ebering_ecumenical_altar_petrified, basic_altar,
          chequers_serial_rivers_micro_d, kennysheep_generic_room_4
D:3:      layout_basic, gammafunk_ghost_nasty_kobolds, serial_shops, shop
D:4:      layout_cave_pools, lemuel_mausoleum_altar_kikubaaqudgha, uniq_duvessa

Skill      XL: |  1  2  3  4  5  6 |
---------------+-------------------+-----
Maces & Flails | 3 |  3.7
Armour         | 3 |  3.6
Dodging        | 1 2 |  2.0
Shields        | 3 |  3.5
Fighting       | 4 |  4.3

Action                   |  1- 3 |  4- 6 |  7- 9 || total
-------------------------+-------+-------+-------++-------
Melee: Flail             |    92 |   155 |     6 ||   253
 Abil: Spit Poison       |     3 |    13 |     2 ||    18
  Use: Potion            |       |       |     1 ||     1
Armor: Scale mail        |    33 |    75 |     2 ||   110
Dodge: Dodged            |    24 |    49 |     1 ||    74
Block: Buckler           |    19 |    40 |     2 ||    61

Table legend: (Time is in decaauts)
 A = Elapsed time spent in this place.
 B = Non-inter-level travel time spent in this place.
 C = Inter-level travel time spent in this place.
 D = Time resting spent in this place.
 E = Time spent auto-exploring this place.
 F = Levels seen in this place.
 G = Mean time per level.
                   A        B        C        D        E       F      G
               +--------+--------+--------+--------+--------+-----+--------+
         Total |   4141 |   4068 |     73 |      0 |   3324 |   4 | 1035.2 |
       Dungeon |   4141 |   4068 |     73 |      0 |   3324 |   4 | 1035.2 |
               +--------+--------+--------+--------+--------+-----+--------+

Top non-repeatable levels by time:
     D:3: 1339 daAuts
     D:1: 1306 daAuts
     D:2: 1258 daAuts
     D:4: 236 daAuts
